 Dungeon Crawl Stone Soup version 0.28-a0-519-gbfeecf2fc5 (webtiles) character file.

Game seed: 11738437572561519601

1156 RepHenryClay the Ducker (level 8, -8/64 HPs)
             Began as a Gnoll Gladiator on Sept 23, 2021.
             Killed from afar by a wight (30 damage)
             ... with a bolt of acid
             ... on level 5 of the Dungeon.
             The game lasted 00:06:02 (3705 turns).

RepHenryClay the Ducker (Gnoll Gladiator)           Turns: 3705, Time: 00:06:02

Health: -8/64      AC:  9    Str: 16    XL:     8   Next: 39%
Magic:  12/12      EV:  9    Int:  8    God:
Gold:   115        SH:  4    Dex: 13    Spells: 13/13 levels left

rFire   + . .      SeeInvis .   o - +2 morningstar (venom)
rCold   + . .      Faith    .   m - +0 buckler
rNeg    . . .      Spirit   .   a - +0 chain mail
rPois   +          Reflect  .   c - +0 helmet
rElec   .          Harm     .   p - scarf {rC+ rF+}
rCorr   .          Rampage  .   e - +2 pair of gloves {archery}
Will    .....                   (no boots)
Stlth   ..........              (no amulet)
HPRegen 0.20/turn               g - ring of poison resistance
MPRegen 0.13/turn               (no ring)

@: corroded
A: fangs 1, strong nose, distributed training
a: no special abilities


You were on level 5 of the Dungeon.
You visited 2 branches of the dungeon, and saw 6 of its levels.

You collected 115 gold pieces.

Inventory:

Hand Weapons
 o - a +2 morningstar of venom (weapon)
Missiles
 d - a throwing net (quivered)
Armour
 a - a +0 chain mail (worn)
 c - a +0 helmet (worn)
 e - a +2 pair of gloves of archery (worn)
 m - a +0 buckler (worn)
 p - a scarf of resistance (worn)
Jewellery
 g - a ring of poison resistance (left hand)
Wands
 s - a wand of iceblast (12)
Scrolls
 h - a scroll of teleportation {unknown}
 j - 4 scrolls of identify {unknown}
 k - a scroll of enchant armour {unknown}
 n - 2 scrolls of torment {unknown}
 r - a scroll of vulnerability {unknown}
 v - a scroll of fog {unknown}
Potions
 b - a potion of lignification {unknown}
 f - 2 potions of brilliance {unknown}
 i - a potion of heal wounds {unknown}
 l - a potion of curing {unknown}
 q - 2 potions of magic {unknown}
 t - a potion of ambrosia {unknown}
 u - a potion of mutation {unknown}


   Skills:
 + Level 5.6 Fighting
 + Level 3.2 Short Blades
 + Level 3.2 Long Blades
 + Level 3.2 Axes
 + Level 7.3 Maces & Flails
 + Level 3.2 Polearms
 + Level 3.2 Staves
 + Level 3.2 Slings
 + Level 3.2 Bows
 + Level 3.2 Crossbows
 + Level 5.6 Throwing
 + Level 3.2 Armour
 + Level 7.3 Dodging
 + Level 3.2 Stealth
 + Level 3.2 Shields
 + Level 3.2 Unarmed Combat
 + Level 3.2 Spellcasting
 + Level 2.6 Conjurations
 + Level 2.6 Hexes
 + Level 2.6 Summonings
 + Level 2.6 Necromancy
 + Level 2.6 Translocations
 + Level 2.6 Transmutations
 + Level 2.6 Fire Magic
 + Level 2.6 Ice Magic
 + Level 2.6 Air Magic
 + Level 2.6 Earth Magic
 + Level 2.6 Poison Magic
 + Level 3.5 Invocations
 + Level 3.2 Evocations


You had 13 spell levels left.
You didn't know any spells.
Your spell library contained the following spells:

 Spells                   Type           Power      Damage    Failure   Level
 Summon Small Mammal      Summ           20%        N/A       90%         1
 Call Canine Familiar     Summ           5%         N/A       99%         3
 Conjure Flame            Conj/Fire      5%         6-21      99%         3
 Frozen Ramparts          Ice            10%        1d3       99%         3
 Ignite Poison            Fire/Tmut/Pois 5%         N/A       99%         3
 Summon Guardian Golem    Hex/Summ       5%         N/A       99%         3
 Ice Form                 Ice/Tmut       5%         N/A       100%        4
 Sticky Flame             Conj/Fire      5%         2d3       100%        4
 Summon Ice Beast         Ice/Summ       5%         N/A       100%        4


Dungeon Overview and Level Annotations

Branches:
Dungeon (5/15)             Temple (1/1) D:4

Altars:
Ashenzari
Cheibriados
Dithmenos
Elyvilon
Fedhas
Gozag
Hepliaklqana
Kikubaaqudgha
Makhleb
Nemelex Xobeh
Ru
Trog
Vehumet
Wu Jian
Xom
Zin
The Shining One

Shops:
D:4 *


Innate Abilities, Weirdness & Mutations

You have very sharp teeth.
Your uncanny sense of smell can sniff out nearby items.
Your experience applies equally to all skills.


Message History

The black bear claws you but does no damage.
A shadow imp comes into view.
You sock the black bear!
The black bear looks as sick as possible!
The black bear is severely wounded.
The black bear goes berserk!
A wight comes into view.
It is wielding a +3 great sword and carrying a wand of acid (6).
The black bear bites you but does no damage.
The black bear claws you but does no damage.
The black bear claws you.
Damage: -1%(-1hp) hp: 77%(48hp)
You sock the black bear!
You kill the black bear!
The shadow imp hits you but does no damage.
The shadow imp lashes its tail.
The shadow imp hits you but does no damage.
You hit the shadow imp.
The shadow imp is poisoned.
The shadow imp is lightly wounded.
The shadow imp barely misses you.
You closely miss the shadow imp.
The shadow imp is lightly wounded.
You block the shadow imp's attack.
You puncture the shadow imp!
You kill the shadow imp!
The wight throws a stone.
The stone hits you but does no damage.
The wight zaps a wand.
The bolt of acid hits you!!
* * * LOW HITPOINT WARNING * * *
The acid corrodes you!
Huge Dmg: -44%(-28hp) hp: 35%(22hp)
Aiming: Iceblast
Press: ? - help, Shift-Dir - straight line, f - wight
Aim: a wight, wielding a +3 great sword, wearing a +0 robe, quivering stones and carrying a wand of acid (5)
The mass of ice explodes!
The iceblast engulfs the wight!
The wight partially resists.
The wight is severely damaged.
The iceblast engulfs the jelly!
The jelly is almost dead.
You hear a bark!
You hear an angry hiss.
You hear a bark!
The wight zaps a wand.
The bolt of acid hits you!!
You die...

.# ###†)....###
#.##
###...####...###
# #.|.
###...###.
###...### ...
##....##..
##....#
..##....##.$
##....
#.#....##..
##...
#.#†...#..# #...
#..)...#8.# #...
###...@#§$# ∆
#... #.....zJ# ∆
#... #....#8$# ∆
#... #....#^.# ∆
#... #....##..#
#... ##.... #..#
##.[.. #)..
###.). ##.. #.


You could see a jelly and a wight.

Vanquished Creatures
  A hornet (D:4)
  Sigmund (D:2)
  A black bear (D:5)
  An ice beast (D:5)
  A necrophage (D:4)
  An ogre (D:5)
  A scorpion (D:4)
  A water moccasin skeleton (D:4)
  2 howler monkeys (D:5)
  A hound (D:5)
  An iguana (D:5)
  Terence (D:3)
  Robin (D:3)
  8 adders
  A shadow imp (D:5)
  2 worms
  A dart slug (D:2)
  7 endoplasms
  2 giant cockroaches
  14 goblins
  10 hobgoblins
  5 jackals
  7 kobolds
  2 quokkas
  4 ball pythons
  7 bats
  8 frilled lizards
  7 rats
99 creatures vanquished.

Vanquished Creatures (others)
  A gnoll (D:5)
1 creature vanquished.

Grand Total: 100 creatures vanquished

Notes
Turn   | Place    | Note
-------+----------+-------------------------------------------
     0 | D:1      | RepHenryClay the Gnoll Gladiator began the quest for the
                  | Orb.
     0 | D:1      | Reached XP level 1. HP: 20/20 MP: 1/1
   153 | D:1      | Reached XP level 2. HP: 25/26 MP: 2/2
   543 | D:1      | Found a faded altar of an unknown god.
   575 | D:1      | Reached XP level 3. HP: 27/31 MP: 3/3
   864 | D:1      | Reached skill level 1 in Invocations
  1125 | D:2      | Reached skill level 1 in Short Blades
  1125 | D:2      | Reached skill level 1 in Long Blades
  1125 | D:2      | Reached skill level 1 in Axes
  1125 | D:2      | Reached skill level 1 in Polearms
  1125 | D:2      | Reached skill level 1 in Staves
  1125 | D:2      | Reached skill level 1 in Slings
  1125 | D:2      | Reached skill level 1 in Bows
  1125 | D:2      | Reached skill level 1 in Crossbows
  1125 | D:2      | Reached skill level 1 in Armour
  1125 | D:2      | Reached skill level 1 in Stealth
  1125 | D:2      | Reached skill level 1 in Shields
  1125 | D:2      | Reached skill level 1 in Unarmed Combat
  1125 | D:2      | Reached skill level 1 in Spellcasting
  1125 | D:2      | Reached skill level 1 in Evocations
  1191 | D:2      | Reached XP level 4. HP: 37/38 MP: 5/5
  1305 | D:2      | Noticed Sigmund
  1315 | D:2      | Killed Sigmund
  1316 | D:2      | Reached skill level 1 in Conjurations
  1316 | D:2      | Reached skill level 1 in Hexes
  1316 | D:2      | Reached skill level 1 in Summonings
  1316 | D:2      | Reached skill level 1 in Necromancy
  1316 | D:2      | Reached skill level 1 in Translocations
  1316 | D:2      | Reached skill level 1 in Transmutations
  1316 | D:2      | Reached skill level 1 in Fire Magic
  1316 | D:2      | Reached skill level 1 in Ice Magic
  1316 | D:2      | Reached skill level 1 in Air Magic
  1316 | D:2      | Reached skill level 1 in Earth Magic
  1316 | D:2      | Reached skill level 1 in Poison Magic
  1316 | D:2      | Reached XP level 5. HP: 38/43 MP: 5/7
  1406 | D:2      | Reached XP level 6. HP: 50/50 MP: 8/8
  1597 | D:3      | Found an ancient bone altar of Kikubaaqudgha.
  1784 | D:3      | Noticed Terence
  1833 | D:3      | Found a hazy altar of Hepliaklqana.
  1834 | D:3      | Found a shimmering altar of Xom.
  1835 | D:3      | Found a snail-covered altar of Cheibriados.
  1867 | D:3      | Noticed Robin
  1992 | D:3      | Killed Robin
  2349 | D:3      | Killed Terence
  2350 | D:3      | Reached skill level 5 in Fighting
  2350 | D:3      | Reached skill level 5 in Throwing
  2433 | D:4      | Noticed a hornet
  2437 | D:4      | Paralysed by a hornet for 1 turns
  2442 | D:4      | Killed a hornet
  2443 | D:4      | Reached XP level 7. HP: 13/56 MP: 10/10
  2834 | D:4      | Found a staircase to the Ecumenical Temple.
  2852 | Temple   | Entered the Ecumenical Temple
  2944 | D:4      | Found Jimpeh's Assorted Antiques.
  3023 | D:4      | Found a broken altar of Ashenzari.
  3158 | D:4      | Found a burning altar of Makhleb.
  3169 | D:4      | Found a bloodstained altar of Trog.
  3578 | D:5      | Entered Level 5 of the Dungeon
  3666 | D:5      | Reached XP level 8. HP: 61/63 MP: 12/12
  3705 | D:5      | Killed from afar by a wight

Illustrated notes

Levels and vault maps discovered:
D:1:      grunt_arrival_lava_bath, layout_basic,
          hellmonk_ecumenical_altar_blasted, chequers_serial_rivers_micro_c
D:2:      layout_rooms, uniq_sigmund
D:3:      layout_basic, mainiacjoe_overflow_alcove_2,
          grunt_temple_overflow_open, uniq_robin, uniq_terence
D:4:      layout_basic, cheibrodos_ashenzari_chains,
          amethyst_overflow_temple_binary, minmay_temple_entry_wispy,
          serial_shops, kennysheep_little_box, chequers_arboretum
D:5:      kennysheep_spiral_hall, layout_loops_ring, okawaru_gym_becter,
          nzn_random_ring, uniq_ijyb
Temple:   zaba_magenta_temple

Skill      XL: |  1  2  3  4  5  6  7  8 |
---------------+-------------------------+-----
Invocations    | 1 2 3 |  3.5
Short Blades   | 1 2 3 |  3.2
Long Blades    | 1 2 3 |  3.2
Axes           | 1 2 3 |  3.2
Polearms       | 1 2 3 |  3.2
Staves         | 1 2 3 |  3.2
Slings         | 1 2 3 |  3.2
Bows           | 1 2 3 |  3.2
Crossbows      | 1 2 3 |  3.2
Armour         | 1 2 3 |  3.2
Stealth        | 1 2 3 |  3.2
Shields        | 1 2 3 |  3.2
Unarmed Combat | 1 2 3 |  3.2
Spellcasting   | 1 2 3 |  3.2
Evocations     | 1 2 3 |  3.2
Conjurations   | 1 2 |  2.6
Hexes          | 1 2 |  2.6
Summonings     | 1 2 |  2.6
Necromancy     | 1 2 |  2.6
Translocations | 1 2 |  2.6
Transmutations | 1 2 |  2.6
Fire Magic     | 1 2 |  2.6
Ice Magic      | 1 2 |  2.6
Air Magic      | 1 2 |  2.6
Earth Magic    | 1 2 |  2.6
Poison Magic   | 1 2 |  2.6
Fighting       | 5 |  5.6
Throwing       | 5 |  5.6
Maces & Flails | 7 |  7.3
Dodging        | 7 |  7.3

Action                   |  1- 3 |  4- 6 |  7- 9 || total
-------------------------+-------+-------+-------++-------
Melee: Flail             |   130 |   106 |       ||   236
       Bite              |    12 |    15 |     3 ||    30
       Morningstar       |       |     8 |    75 ||    83
Throw: Throwing net      |       |     3 |       ||     3
Evoke: Wand              |       |       |     1 ||     1
 Stab: Sleeping          |       |     2 |       ||     2
Armor: Leather armour    |    63 |    28 |       ||    91
       Chain mail        |       |     2 |    48 ||    50
Dodge: Dodged            |   130 |    74 |    32 ||   236
Block: Buckler           |       |     8 |    14 ||    22

Table legend: (Time is in decaauts)
 A = Elapsed time spent in this place.
 B = Non-inter-level travel time spent in this place.
 C = Inter-level travel time spent in this place.
 D = Time resting spent in this place.
 E = Time spent auto-exploring this place.
 F = Levels seen in this place.
 G = Mean time per level.
                   A        B        C        D        E       F      G
               +--------+--------+--------+--------+--------+-----+--------+
         Total |   3741 |   3593 |    148 |    474 |   2343 |   6 |  623.5 |
       Dungeon |   3668 |   3538 |    130 |    474 |   2293 |   5 |  733.6 |
        Temple |     73 |     55 |     18 |      0 |     50 |   1 |   73.0 |
               +--------+--------+--------+--------+--------+-----+--------+

Top non-repeatable levels by time:
     D:4: 1124 daAuts
     D:1: 880 daAuts
     D:2: 816 daAuts
     D:3: 712 daAuts
     D:5: 133 daAuts
  Temple: 73 daAuts
